 Dungeon Crawl Stone Soup version 0.20-a0-432-g25cc1b4 (webtiles) character file.

148446 Gorice the Lord of Darkness (level 16, -2/125 HPs)
             Began as a Demonspawn Necromancer on Dec 31, 2016.
             Was the Champion of Kikubaaqudgha.
             Killed by Shatter
             ... invoked by Jorgrun
              (67 damage)
             ... on level 1 of the Vaults on Jan 2, 2017.
             The game lasted 05:07:51 (33811 turns).

Gorice the Lord of Darkness (DsNe)                 Turns: 33811, Time: 05:07:52

Health: -2/125     AC: 26    Str: 19    XL:     16   Next: 64%
Magic:  24/32      EV: 15    Int: 21    God:    Kikubaaqudgha [******]
Gold:   2065       SH:  0    Dex: 25    Spells: 0/39 levels left

rFire  . . .     SeeInvis +     a - +7 spear "Letezxytz" {drain, rPois rN+ Str+4 Dex+4}
rCold  + . .     Gourm    .     z - +1 scale mail {MR+}
rNeg   + . .     Faith    .     (no shield)
rPois  +         Spirit   .     j - +2 helmet {Int+3}
rElec  .         Reflect  .     Q - +2 cloak {rPois}
rCorr  .         Harm     .     R - +1 pair of gloves
MR     ++...                    A - +0 pair of boots
Stlth  ++........               n - amulet of regeneration
                                J - ring of the Octopus King {AC+1 EV+1 Str+1 Int+1 Dex+1 SInv}
                                l - +5 ring of evasion

@: agile, death channel, petrifying (expiring), very slow
A: talons 2, icy blue scales 3, demonic guardian 2, powered by pain 2
}: 1/15 runes: gossamer
a: Receive Corpses, Torment, Brand Weapon With Pain, Receive Necronomicon,
Renounce Religion


You were on level 1 of the Vaults.
You worshipped Kikubaaqudgha.
Kikubaaqudgha was exalted by your worship.
You were near starving.

You visited 6 branches of the dungeon, and saw 29 of its levels.

You collected 2825 gold pieces.
You spent 760 gold pieces at shops.

Inventory:

Hand Weapons
 a - the +7 spear "Letezxytz" (weapon) {drain, rPois rN+ Str+4 Dex+4}
   (You found it on level 4 of the Dungeon)

   A truly terrible weapon, it drains the life of those it strikes.
   It affects your strength (+4).
   It affects your dexterity (+4).
   It protects you from poison.
   It protects you from negative energy.
 b - the +3 trident "Zijorch" {drain, Str+6}
   (You found it on level 3 of the Spider Nest)

   A truly terrible weapon, it drains the life of those it strikes.
   It affects your strength (+6).
Missiles
 g - 35 javelins (quivered)
Armour
 j - a +2 helmet of intelligence (worn)
   (You found it on level 2 of the Spider Nest)
 z - a +1 scale mail of magic resistance (worn)
   (You took it off Edmund on level 6 of the Dungeon)
 A - a +0 pair of boots (worn)
 L - a +1 ring mail of magic resistance
   (You took it off a deep elf death mage on level 1 of the Vaults)
 Q - a +2 cloak of poison resistance (worn)
   (You took it off Maurice on level 2 of the Orcish Mines)
 R - a +1 pair of gloves (worn)
Magical Staves
 D - an uncursed staff of death
Jewellery
 h - an uncursed ring of ice
 l - a +5 ring of evasion (left hand)
 n - an amulet of regeneration (around neck)
 x - an uncursed ring of positive energy
 y - an uncursed ring of resist corrosion
 B - an uncursed ring of protection from fire
 G - an uncursed ring of positive energy
 J - a ring of the Octopus King (right hand) {AC+1 EV+1 Str+1 Int+1 Dex+1 SInv}
   (You found it on level 6 of the Lair of Beasts)

   [ring of see invisible]

   It affects your AC (+1).
   It affects your evasion (+1).
   It affects your strength (+1).
   It affects your intelligence (+1).
   It affects your dexterity (+1).
   It lets you see invisible.
Wands
 e - a wand of iceblast (2/15)
 f - a wand of lightning (6/15)
 t - a wand of confusion (21/48)
 u - a wand of iceblast (8/15)
 w - a wand of confusion (10/48)
 E - a wand of digging (8/24)
 F - a wand of acid (10/15)
 M - a wand of iceblast (5/15)
 T - a wand of clouds (4/9)
Scrolls
 o - 10 scrolls of identify
 p - a scroll of magic mapping {!r}
 q - 3 scrolls of blinking
 s - 3 scrolls of remove curse
 H - 10 scrolls of teleportation {!r}
 V - a scroll of fear {!r}
Potions
 d - 9 potions of curing
 i - 2 potions of invisibility {!q}
 k - 2 potions of magic {!q}
 r - 4 potions of haste {!q}
 v - 3 potions of cancellation {!q}
 C - 4 potions of ambrosia
 I - 8 potions of agility {!q}
 K - 2 potions of resistance {!q}
 O - a potion of might {!q}
 S - 3 potions of heal wounds {!q}
Comestibles
 c - 20 bread rations {!e}
 m - 12 fruits


   Skills:
 + Level 11.2 Fighting
 - Level 8.2 Polearms
 * Level 11.1 Armour
 - Level 10.0 Dodging
 - Level 1.7 Stealth
 - Level 12.0 Spellcasting
 - Level 17.0 Necromancy
 - Level 9.0 Evocations


You couldn't memorise any spells.
You knew the following spells:

 Your Spells              Type           Power        Failure   Level  Hunger
a - Pain                  Necr           ####         0%          1    None
b - Animate Skeleton      Necr           N/A          0%          1    None
c - Vampiric Draining     Necr           ######....   1%          3    None
d - Animate Dead          Necr           N/A          1%          4    None
e - Corpse Rot            Necr           N/A          0%          2    None
f - Control Undead        Necr           ######....   1%          4    None
g - Agony                 Necr           ######..     1%          5    ####...
h - Cigotuvi's Embrace    Necr           ######....   1%          5    ####...
u - Dispel Undead         Necr           ######..     1%          5    ####...
C - Death Channel         Necr           ######....   1%          6    #####..
R - Regeneration          Chrm/Necr      #####.....   1%          3    None


Dungeon Overview and Level Annotations

Branches:
Dungeon (15/15)            Temple (1/1) D:6            Lair (6/6) D:10
 Shoals (0/4) Lair:3       Spider (4/4) Lair:3        Slime (0/5) Lair:5
    Orc (2/2) D:11            Elf (0/3) Orc:2        Vaults (1/5) D:13
 Depths: D:15

Altars:
Ashenzari
Cheibriados
Dithmenos
Elyvilon
Fedhas
Gozag
Hepliaklqana
Kikubaaqudgha
Makhleb
Nemelex Xobeh
Okawaru
Qazlal
Ru
Sif Muna
Trog
Uskayaw
Vehumet
Xom
Yredelemnul
Zin
The Shining One
Beogh
Jiyva

Shops:
D:12 *   D:14 %   D:15 !   Orc:1 [   Orc:2 ?:[(

Annotations:
D:8 vpUX: loot behind lava and plants
D:15 vpUX: Roxy guarding entrance vault to Depths, exclusion: Roxanne, Roxanne
Vaults:1 Jorgrun


Innate Abilities, Weirdness & Mutations

You have razor-sharp toenails.
You are completely covered in icy blue scales. (AC +4, rC+)
A demonic guardian rushes to your aid.
You sometimes gain power by taking damage.


Message History

The ogre is heavily wounded.
Your spectral vault sentinel hits the ogre but does no damage.
The ogre completely misses you.
Unknown command.
You hit the ogre. You drain the ogre!
The ogre is almost dead.
Your spectral ugly thing barely misses the ogre.
The yaktaur hits something!
Jorgrun hits something but does no damage.
Your spectral vault sentinel hits the ogre.
Your spectral vault sentinel drains the ogre! x2
You puncture the ogre!
You kill the ogre!
Kikubaaqudgha accepts your kill.
A glowing mist starts to gather...
Unknown command.
You swap places.
Jorgrun misses you. The yaktaur barely misses you.
Items here: ( )))))) [ †††††† Unknown command.
You hit Jorgrun but do no damage. Jorgrun completely misses you.
Unknown command.
You miss Jorgrun. The yaktaur closely misses you.
Jorgrun gestures at you while chanting.
You are slowing down.
You puncture Jorgrun!
Jorgrun is lightly wounded.
Your smoke demon disappears in a puff of smoke!
The yaktaur hits you!
Jorgrun gestures wildly while chanting.
The dungeon rumbles around Jorgrun!
You shudder from the earth-shattering force.
You focus on the pain.
You feel your power returning.
Ka-crash!
You hear a horrible gurgling sound!
You hear a shout! x3
Your limbs are stiffening.
You closely miss Jorgrun.
Jorgrun is lightly wounded.
The yaktaur hits you but does no damage.
Damage: 48 (max 48) Unknown command.
You swap places.
Your spectral centaur hits Jorgrun.
Jorgrun hits your spectral centaur with a quarterstaff of crushing!
Your spectral centaur is destroyed!
Jorgrun gestures wildly while chanting.
The dungeon rumbles around Jorgrun!
The yaktaur dies!
A glowing mist starts to gather...
You shudder from the earth-shattering force.
Ouch! That really hurt!
You die...
Kikubaaqudgha rasps: "You have failed me!
Welcome... death!"

#....Z.Z.#.Z...
#.......Z#..... ##.#
#........#ZZ... ### #...
##########..... .... ...
#..... ..... .. #.().. .
#..##(###############)###
#..##..#)#Z..(......)..[.(.
......().#@3.........[.[(.(
.......)gZZ.......##'#####'
#+.###.###Z(......#........
#........#........
#........#........
#........#........
#........#........
#.....(..#........
#........#########


You could see Jorgrun, a friendly spectral ugly thing, a friendly spectral
centaur, a friendly spectral ogre, a friendly spectral vault sentinel and a
friendly smoke demon.

Vanquished Creatures
  Rupert (Lair:5)
  3 ghost moths
  An orc warlord (Orc:1)
  An emperor scorpion (Spider:3)
  An ironheart preserver (D:13)
  2 very ugly things (Vaults:1)
  A spark wasp (Spider:3)
  Snorg (D:13)
  2 yaktaur captains (Vaults:1)
  Fannar (Lair:1)
  2 vault guards (D:13)
  7 hydras
  A merfolk avatar (Lair:6)
  8 two-headed ogres
  5 centaur warriors
  An ogre mage (D:14)
  A tengu warrior (D:13)
  2 deep elf knights
  Urug (Orc:1)
  A glowing orange brain (Vaults:1)
  2 wizards (D:13)
  2 unseen horrors (D:13)
  A harpy (Lair:6)
  A necromancer (D:13)
  4 deep elf magi
  6 orb spiders
  11 wolf spiders
  7 cyclopes
  2 orc knights
  5 orc sorcerers
  10 ugly things
  A centaur zombie (D:13)
  Maurice (Orc:2)
  A merfolk siren (Lair:3)
  3 black mambas
  3 vault sentinels
  An elephant (Lair:6)
  10 spiny frogs
  2 gargoyles
  2 yaktaurs (Vaults:1)
  4 rime drakes
  4 komodo dragons
  5 demonic crawlers
  A freezing wraith (D:13)
  An efreet (D:13)
  3 polar bears (Lair:6)
  5 trolls
  15 jumping spiders
  6 hornets
  2 meliai (Spider:3)
  8 blink frogs
  8 hippogriffs
  23 redbacks
  A shadow (D:15)
  5 wraiths
  A tarantella (shapeshifter) (D:12)
  26 yaks
  14 tarantellas
  Sigmund (D:6)
  3 wyverns
  A hog (shapeshifter) (D:15)
  3 basilisks
  2 hogs
  13 humans
  A steam dragon (Lair:4)
  Menkaure (D:7)
  A soldier ant (D:13)
  4 wargs
  10 water moccasins
  10 porcupines
  An ice beast (D:13)
  33 orc warriors
  3 black bears
  An eye of draining (D:15)
  4 phantoms
  13 ogres
  9 wolves
  4 centaurs
  16 crocodiles
  11 bullfrogs
  A big kobold (D:13)
  A wyvern zombie (D:13)
  An ogre simulacrum (Vaults:1)
  A wyvern skeleton (D:9)
  5 scorpions
  8 wights
  An electric eel (Lair:3)
  A bullfrog zombie (D:4)
  2 crimson imps
  4 quasits
  6 hounds
  23 orc priests
  3 centaur skeletons
  33 orc wizards
  A gnoll shaman (D:9)
  2 iguanas
  2 jellies (D:13)
  3 hell rats (Lair:6)
  3 worker ants
  A hound zombie (D:10)
  A hound skeleton (D:9)
  8 gnolls
  7 adders
  6 river rats (Lair:6)
  2 oozes
  A worm (D:2)
  2 dart slugs
  6 leopard geckos
  75 orcs
  3 giant cockroaches
  9 goblins
  8 hobgoblins
  9 jackals
  6 kobolds
  6 quokkas
  3 ball pythons
  6 bats
  4 frilled lizards
  A quokka skeleton (D:7)
  12 rats
  3 plants (D:8)
675 creatures vanquished.

Vanquished Creatures (collateral kills)
  The ghost of searmay the Shatterer, an adept MiBe of Trog (Spider:4)
  2 ghost moths (Spider:4)
  A vault warden (Vaults:1)
  3 emperor scorpions (Spider:4)
  A very ugly thing (Vaults:1)
  A stone giant (Orc:2)
  An entropy weaver (Spider:4)
  A deep elf death mage (Vaults:1)
  Josephine (D:13)
  2 ogre magi (Vaults:1)
  An ice dragon (Vaults:1)
  3 hydras
  2 centaur warriors (Vaults:1)
  7 two-headed ogres
  A deep elf knight (Vaults:1)
  A wizard (Vaults:1)
  A deep elf archer (D:13)
  8 ugly things
  An orc knight (Vaults:1)
  11 orb spiders
  13 wolf spiders
  2 deep elf magi (Vaults:1)
  2 manticores
  A cyclops (Vaults:1)
  Joseph (Lair:1)
  3 elephants (Lair:6)
  A vault sentinel (D:13)
  A black mamba (Lair:5)
  A centaur zombie (D:15)
  2 spiny frogs
  3 komodo dragons
  A rime drake (Lair:6)
  3 yaktaurs (Vaults:1)
  8 demonic crawlers
  15 jumping spiders
  A troll (D:13)
  A meliai (Spider:3)
  A blink frog (Lair:6)
  A polar bear (Lair:6)
  7 hornets
  3 hippogriffs
  A wraith (D:13)
  14 tarantellas
  27 redbacks
  2 hogs (D:7)
  10 yaks
  2 wyverns
  7 humans (D:13)
  Grum (D:8)
  Edmund (D:6)
  A soldier ant (D:12)
  A water moccasin (Lair:5)
  A porcupine (Lair:1)
  5 orc warriors
  A sky beast (D:15)
  A phantom (D:8)
  A wolf (shapeshifter) (Vaults:1)
  4 ogres
  4 centaurs (Vaults:1)
  A crocodile (Lair:6)
  Blork the orc (D:5)
  2 bullfrogs
  4 orc priests
  4 orc wizards
  A hell rat (Lair:6)
  2 worker ants (D:7)
  A dart slug (D:2)
  17 orcs
  2 goblins
  A bat (D:2)
  2 rats
  A fungus (Lair:6)
  A plant (Lair:6)
245 creatures vanquished.

Vanquished Creatures (others)
  An orc sorcerer (Orc:2)
  A yaktaur (Vaults:1)
  2 orc wizards (Orc:2)
  A hobgoblin (D:2)
  A quokka (D:2)
  11 fungi
  9 plants
26 creatures vanquished.

Grand Total: 946 creatures vanquished

Notes
Turn   | Place    | Note
-------+----------+-------------------------------------------
     0 | D:1      | Gorice the Demonspawn Necromancer began the quest for the Orb.
     0 | D:1      | Reached XP level 1. HP: 13/13 MP: 3/3
     5 | D:1      | Learned a level 1 spell: Animate Skeleton
   264 | D:1      | Gained mutation: You have sharp toenails. [demonic ancestry]
   264 | D:1      | Reached XP level 2. HP: 13/19 MP: 0/5
   277 | D:1      | You fall through a shaft!
   303 | D:2      | Reached skill level 5 in Necromancy
  1001 | D:2      | Reached XP level 3. HP: 15/24 MP: 3/6
  1058 | D:2      | Found a radiant altar of Vehumet.
  1362 | D:2      | HP: 7/24 [hobgoblin/club (3)]
  1592 | D:2      | HP: 7/24 [adder (5)]
  1592 | D:2      | HP: 3/24 [adder (4)]
  1593 | D:2      | Reached skill level 6 in Necromancy
  1960 | D:2      | Reached XP level 4. HP: 30/30 MP: 7/7
  1966 | D:2      | You fall through a shaft for 2 floors!
  2003 | D:4      | Got a polished spear
  2004 | D:4      | Identified the +7 spear "Letezxytz" {drain, rPois rN+ Str+4 Dex+4} (You found it on level 4 of the Dungeon)
  2045 | D:3      | Learned a level 3 spell: Vampiric Draining
  2070 | D:3      | HP: 6/30 [kobold/whip (4)]
  2420 | D:3      | Reached skill level 7 in Necromancy
  2420 | D:3      | Reached XP level 5. HP: 26/35 MP: 4/8
  2578 | D:3      | Found a white marble altar of Elyvilon.
  2750 | D:3      | Found a snail-covered altar of Cheibriados.
  2870 | D:4      | Noticed an ogre
  2876 | D:4      | Killed an ogre
  2876 | D:4      | Reached skill level 1 in Armour
  2893 | D:4      | Noticed a phantom
  2915 | D:4      | Killed a phantom
  2915 | D:4      | Reached skill level 8 in Necromancy
  2915 | D:4      | Gained mutation: A weak demonic guardian rushes to your aid. [demonic ancestry]
  2915 | D:4      | Reached XP level 6. HP: 21/41 MP: 9/9
  3086 | D:4      | Reached skill level 2 in Armour
  3514 | D:3      | Gained mutation: You sometimes gain a little power by taking damage. [demonic ancestry]
  3514 | D:3      | Reached XP level 7. HP: 26/46 MP: 0/10
  3869 | D:4      | Learned a level 4 spell: Animate Dead
  3870 | D:5      | Entered Level 5 of the Dungeon
  3908 | D:5      | Reached skill level 3 in Armour
  4033 | D:5      | Reached skill level 9 in Necromancy
  4134 | D:5      | Noticed Blork the orc
  4142 | D:5      | Killed Blork the orc
  4398 | D:6      | Found a staircase to the Ecumenical Temple.
  4406 | Temple   | Entered the Ecumenical Temple
  4561 | Temple   | Became a worshipper of Kikubaaqudgha
  4699 | D:6      | Noticed Edmund
  4708 | D:6      | Killed Edmund
  4768 | D:6      | Found a glowing silver altar of Zin.
  4781 | D:6      | Got a crude robe
  4800 | D:6      | Noticed Sigmund
  4806 | D:6      | Killed Sigmund
  4806 | D:6      | Reached skill level 10 in Necromancy
  4806 | D:6      | Gained mutation: You are partially covered in icy blue scales. (AC +2) [demonic ancestry]
  4806 | D:6      | Reached XP level 8. HP: 33/52 MP: 7/11
  4906 | D:6      | Reached skill level 4 in Armour
  5120 | D:7      | Found a stormy altar of Qazlal.
  5154 | D:7      | Noticed Menkaure
  5162 | D:7      | Killed Menkaure
  5690 | D:7      | HP: 13/52 [orc warrior/mace of crushing (6)]
  5691 | D:7      | Reached * piety under Kikubaaqudgha
  5691 | D:7      | Identified Kikubaaqudgha's Collected Works on Darkness (Kikubaaqudgha gifted it to you on level 7 of the Dungeon)
  5691 | D:7      | Received a gift from Kikubaaqudgha
  5691 | D:7      | Reached skill level 11 in Necromancy
  5892 | D:7      | Learned a level 2 spell: Corpse Rot
  6047 | D:7      | Identified the +1 robe "Ajuol" {rC+ Int+4} (You found it on level 6 of the Dungeon)
  6114 | D:7      | Reached skill level 5 in Armour
  6115 | D:7      | Reached skill level 3 in Spellcasting
  6121 | D:7      | Gained mutation: You sometimes gain power by taking damage. [demonic ancestry]
  6121 | D:7      | Reached XP level 9. HP: 22/57 MP: 2/13
  6367 | D:7      | Reached skill level 6 in Armour
  6367 | D:7      | Reached skill level 4 in Spellcasting
  6594 | D:8      | Learned a level 4 spell: Control Undead
  6861 | D:8      | Noticed Grum
  6875 | D:8      | Killed Grum
  6880 | D:8      | Reached skill level 5 in Spellcasting
  6910 | D:8      | Found a sparkling altar of Nemelex Xobeh.
  7035 | D:8      | Reached skill level 7 in Armour
  7576 | D:9      | Found a bloodstained altar of Trog.
  7666 | D:9      | Noticed a two-headed ogre
  7686 | D:9      | Killed a two-headed ogre
  7686 | D:9      | Reached skill level 8 in Armour
  7686 | D:9      | Reached skill level 6 in Spellcasting
  7686 | D:9      | Gained mutation: You are mostly covered in icy blue scales. (AC +3) [demonic ancestry]
  7686 | D:9      | Reached XP level 10. HP: 41/63 MP: 14/19
  7692 | D:9      | Learned a level 3 spell: Regeneration
  8248 | D:10     | Entered Level 10 of the Dungeon
  8259 | D:10     | Reached ** piety under Kikubaaqudgha
  8302 | D:10     | Reached skill level 7 in Spellcasting
  8313 | D:10     | Found a staircase to the Lair.
  8347 | D:10     | Noticed a two-headed ogre
  8372 | D:10     | Killed a two-headed ogre
  8987 | D:10     | Reached skill level 9 in Armour
  9028 | Lair:1   | Entered Level 1 of the Lair of Beasts
  9091 | Lair:1   | Noticed Joseph
  9177 | D:10     | Reached skill level 8 in Spellcasting
  9247 | Lair:1   | Killed Joseph
  9420 | Lair:1   | Noticed an eight-headed hydra
  9526 | D:10     | HP: 17/63 [yak (9)]
  9527 | D:10     | HP: 5/63 [yak (13)]
  9890 | D:10     | Reached XP level 11. HP: 38/68 MP: 23/23
 10033 | D:11     | Noticed an orc knight
 10051 | D:10     | Killed an orc knight
 10051 | D:10     | Reached skill level 10 in Armour
 10173 | D:10     | Reached skill level 9 in Spellcasting
 10278 | D:10     | HP: 19/68 [orc warrior/glaive (18)]
 10513 | D:11     | Found a roughly hewn altar of Beogh.
 10513 | D:11     | Found a staircase to the Orcish Mines.
 10526 | D:11     | Reached skill level 1 in Fighting
 10527 | D:11     | HP: 11/70 [gargoyle/stone arrow (15)]
 10860 | D:11     | Reached skill level 1 in Polearms
 11130 | D:11     | Reached skill level 2 in Fighting
 11368 | Orc:1    | Entered Level 1 of the Orcish Mines
 11368 | Orc:1    | Found Ihu Woaz's Armour Shoppe.
 11368 | Orc:1    | Noticed Urug
 11382 | Orc:1    | Killed Urug
 11382 | Orc:1    | Reached *** piety under Kikubaaqudgha
 11382 | Orc:1    | Identified Kikubaaqudgha's Handbook of Sinister Rites (Kikubaaqudgha gifted it to you on level 1 of the Orcish Mines)
 11382 | Orc:1    | Received a gift from Kikubaaqudgha
 11382 | Orc:1    | Reached skill level 2 in Polearms
 11399 | Orc:1    | Reached skill level 3 in Fighting
 11668 | Orc:1    | Noticed a centaur warrior
 11673 | Orc:1    | Killed a centaur warrior
 11673 | Orc:1    | Reached skill level 3 in Polearms
 11917 | Lair:1   | Learned a level 5 spell: Agony
 12008 | Lair:1   | Noticed Fannar
 12024 | Lair:1   | Killed an eight-headed hydra
 12024 | Lair:1   | Reached skill level 4 in Fighting
 12053 | Lair:1   | Killed Fannar
 12053 | Lair:1   | Reached skill level 4 in Polearms
 12409 | Lair:1   | Noticed a six-headed hydra
 12418 | Lair:1   | Killed a six-headed hydra
 12418 | Lair:1   | Reached skill level 10 in Spellcasting
 12523 | Lair:1   | Reached skill level 5 in Fighting
 12895 | Lair:2   | Noticed an eight-headed hydra
 12912 | Lair:2   | HP: 23/79 [eight-headed hydra (12)]
 12918 | Lair:2   | Killed an eight-headed hydra
 13124 | Lair:2   | Noticed a four-headed hydra
 13141 | Lair:2   | Killed a four-headed hydra
 13141 | Lair:2   | Reached skill level 5 in Polearms
 13141 | Lair:2   | Reached XP level 12. HP: 67/86 MP: 17/26
 13773 | Lair:2   | Reached skill level 6 in Fighting
 13963 | Lair:3   | Found a hole to the Spider Nest.
 14397 | Lair:3   | Reached **** piety under Kikubaaqudgha
 14535 | Lair:3   | Found a staircase to the Shoals.
 14980 | Lair:4   | Reached skill level 6 in Polearms
 15473 | Lair:4   | Reached skill level 7 in Fighting
 15473 | Lair:4   | Reached skill level 12 in Necromancy
 16313 | Lair:5   | Noticed a five-headed hydra
 16324 | Lair:5   | Killed a five-headed hydra
 16395 | Lair:5   | HP: 25/91 [spiny frog (17)]
 16400 | Lair:5   | HP: 26/91 [poisoned by a spiny frog]
 16405 | Lair:5   | HP: 18/91 [poisoned by a spiny frog]
 16410 | Lair:5   | HP: 13/91 [poisoned by a spiny frog]
 16415 | Lair:5   | HP: 10/91 [poisoned by a spiny frog]
 16420 | Lair:5   | HP: 8/91 [poisoned by a spiny frog]
 16427 | Lair:5   | HP: 7/91 [poisoned by a spiny frog]
 16434 | Lair:5   | HP: 6/91 [poisoned by a spiny frog]
 16442 | Lair:5   | HP: 6/91 [poisoned by a spiny frog]
 16650 | Lair:5   | Found a viscous altar of Jiyva.
 16650 | Lair:5   | Found a staircase to the Slime Pits.
 16858 | Lair:5   | Noticed Rupert
 17036 | Lair:5   | Got a faintly glowing spear
 17044 | Lair:5   | Identified the +5 spear of Laehiab {antimagic, +Inv rC+ Str-5} (You found it on level 5 of the Lair of Beasts)
 17415 | Lair:5   | Killed Rupert
 17415 | Lair:5   | Reached skill level 8 in Fighting
 17415 | Lair:5   | Reached skill level 7 in Polearms
 17523 | Lair:6   | Entered Level 6 of the Lair of Beasts
 17548 | Lair:6   | Noticed a seven-headed hydra
 17562 | Lair:6   | Killed a seven-headed hydra
 17565 | Lair:6   | HP: 25/94 [yak (7)]
 17574 | Lair:5   | HP: 14/94 [komodo dragon (20)]
 17853 | Lair:6   | Gained mutation: You are completely covered in icy blue scales. (AC +4, rC+) [demonic ancestry]
 17853 | Lair:6   | Reached XP level 13. HP: 99/99 MP: 27/27
 17874 | Lair:6   | Reached skill level 13 in Necromancy
 18273 | Lair:6   | Reached ***** piety under Kikubaaqudgha
 18277 | Lair:6   | Reached skill level 9 in Fighting
 18407 | Lair:6   | Reached skill level 8 in Polearms
 18584 | Lair:6   | Found a glowing silver altar of Zin.
 18766 | Lair:6   | Got a ring of the Octopus King
 18768 | Lair:6   | Identified a ring of the Octopus King {AC+1 EV+1 Str+1 Int+1 Dex+1 SInv} (You found it on level 6 of the Lair of Beasts)
 19010 | Lair:6   | Reached skill level 10 in Fighting
 19389 | Lair:1   | Learned a level 6 spell: Death Channel
 19447 | Orc:1    | Upgraded the game from 0.20-a0-421-gf6b327c to 0.20-a0-428-g059cf21
 19449 | Orc:2    | Entered Level 2 of the Orcish Mines
 19449 | Orc:2    | Noticed an orc warlord
 19844 | Orc:1    | Reached skill level 14 in Necromancy
 19977 | Orc:1    | Killed an orc warlord
 20308 | Orc:2    | Found a staircase to the Elven Halls.
 20492 | Orc:2    | Reached ****** piety under Kikubaaqudgha
 20848 | Orc:2    | Noticed a stone giant
 20855 | Orc:2    | Killed a stone giant
 21132 | Orc:2    | HP: 25/103 [orc sorcerer/bolt of fire (30)]
 21402 | Orc:2    | Noticed Maurice
 21410 | Orc:2    | Killed Maurice
 21493 | Orc:2    | Found Teileo Poygh's Book Boutique.
 21493 | Orc:2    | Found Ving's Weapon Shop.
 21494 | Orc:2    | Found Foomykol's Antique Armour Shop.
 21498 | Orc:2    | Found Ruuf Hau's Magic Scroll Boutique.
 21507 | Orc:2    | Bought an ancient scale mail for 180 gold pieces
 21507 | Orc:2    | Bought a pair of embroidered gloves for 210 gold pieces
 21507 | Orc:2    | Bought a glowing helmet for 210 gold pieces
 21540 | Orc:2    | Identified the +1 scale mail of Juog {rElec Dex-5 Slay+3} (You bought it in a shop on level 2 of the Orcish Mines)
 21760 | Orc:1    | Reached skill level 15 in Necromancy
 21782 | Orc:1    | Gained mutation: You have razor-sharp toenails. [demonic ancestry]
 21782 | Orc:1    | Reached XP level 14. HP: 97/110 MP: 28/28
 22201 | D:12     | Found Musi's General Store.
 22953 | D:13     | Noticed Snorg
 22959 | D:13     | Killed Snorg
 23196 | D:13     | Reached skill level 11 in Spellcasting
 23264 | D:13     | Noticed Josephine
 23274 | D:13     | Killed Josephine
 23820 | D:13     | Reached skill level 16 in Necromancy
 23886 | D:13     | Found a gate to the Vaults.
 24444 | D:14     | Found Qine's Food Emporium.
 25375 | D:15     | Entered Level 15 of the Dungeon
 25779 | D:15     | Reached skill level 17 in Necromancy
 25810 | D:15     | Reached skill level 12 in Spellcasting
 25810 | D:15     | Reached skill level 1 in Evocations
 25975 | D:15     | Reached skill level 2 in Dodging
 25998 | D:15     | Found Xanner's Distillery.
 26011 | D:15     | Bought a potion of haste for 160 gold pieces
 26208 | D:15     | Noticed Roxanne
 26437 | D:15     | Reached skill level 2 in Evocations
 26825 | Spider:1 | Entered Level 1 of the Spider Nest
 26840 | Spider:1 | Reached skill level 3 in Dodging
 26848 | Spider:1 | Gained mutation: A demonic guardian rushes to your aid. [demonic ancestry]
 26848 | Spider:1 | Reached XP level 15. HP: 80/115 MP: 25/31
 26867 | Spider:1 | Reached skill level 3 in Evocations
 27502 | Spider:1 | Reached skill level 4 in Dodging
 27622 | Lair:1   | Learned a level 5 spell: Cigotuvi's Embrace
 27764 | Spider:2 | Reached skill level 4 in Evocations
 28671 | Spider:2 | Reached skill level 5 in Evocations
 28679 | Spider:2 | Reached skill level 5 in Dodging
 29237 | Spider:3 | Reached skill level 6 in Evocations
 29341 | Spider:3 | Reached skill level 6 in Dodging
 29790 | Spider:3 | Noticed a ghost moth
 29835 | Spider:3 | Killed a ghost moth
 29972 | Spider:3 | Got an encrusted trident
 29973 | Spider:3 | Identified the cursed +3 trident "Zijorch" {drain, Str+6} (You found it on level 3 of the Spider Nest)
 30143 | Spider:3 | Reached skill level 7 in Evocations
 30885 | Spider:4 | Entered Level 4 of the Spider Nest
 30976 | Spider:4 | Reached skill level 7 in Dodging
 31008 | Spider:4 | Noticed searmay's ghost (adept MiBe)
 31050 | Spider:4 | Killed searmay's ghost
 31292 | Spider:4 | Noticed a ghost moth
 31324 | Spider:4 | Killed a ghost moth
 31480 | Spider:4 | Reached skill level 8 in Evocations
 31485 | Spider:4 | Noticed a ghost moth
 31490 | Spider:4 | Killed a ghost moth
 31672 | Spider:4 | Noticed a ghost moth
 31675 | Spider:4 | Noticed a ghost moth
 31688 | Spider:4 | Reached skill level 8 in Dodging
 31702 | Spider:4 | Killed a ghost moth
 31718 | Spider:4 | Killed a ghost moth
 31718 | Spider:4 | Reached XP level 16. HP: 71/122 MP: 1/32
 31731 | Spider:4 | Got a gossamer rune of Zot
 31832 | Spider:4 | Reached skill level 9 in Evocations
 32111 | Lair:1   | Learned a level 5 spell: Dispel Undead
 32228 | Vaults:1 | Entered Level 1 of the Vaults
 32308 | Vaults:1 | Reached skill level 9 in Dodging
 33117 | D:13     | Reached skill level 10 in Dodging
 33481 | Vaults:1 | Upgraded the game from 0.20-a0-428-g059cf21 to 0.20-a0-432-g25cc1b4
 33584 | Vaults:1 | Reached skill level 11 in Fighting
 33614 | Vaults:1 | HP: 31/125 [deep elf death mage/bolt of negative energy[an ironheart preserver] (17)]
 33724 | Vaults:1 | Noticed Jorgrun
 33765 | Vaults:1 | Reached skill level 11 in Armour
 33811 | Vaults:1 | Killed from afar by Jorgrun

Vault maps used:
D:1:      sevenhm_arrival_forest_fort_large_2, minmay_statues_item,
          minmay_unequal
D:2:      fiery_altar_vehumet, nrook_mini_vaults
D:3:      elyvilon_altar_1, cheibriados_altar_1
D:4:      first_bread
D:5:      uniq_blork_the_orc
D:6:      lemuel_doored_altar, uniq_eustachio, uniq_edmund, uniq_sigmund
D:7:      marbit_many_paths, kennysheep_pointless_box, uniq_menkaure
D:8:      minmay_weird_star, nemelex_xobeh_ov_fountains_minmay, grunt_livestock,
          uniq_grum
D:9:      trog_ov_bears_minmay
D:10:     lair_entry_dummy
D:11:     david_orc_5
D:12:     serial_shops, shop
D:13:     grunt_vaults_entry_tiered, uniq_josephine, uniq_snorg
D:14:     serial_shops, shop, nicolae_two_hexagons
D:15:     gammafunk_enter_depths_forms, serial_shops, shop_statue,
          nicolae_twisting_strands, minmay_strange_pillars, uniq_roxanne
Temple:   regret_index_temple_sphere_string
Lair:1:   uniq_fannar, uniq_joseph
Lair:2:   beast_lair_carwin_2
Lair:3:   minmay_shoals_entry_lonely_mermaid, spider_nest_entry_a,
          infiniplex_staircase_pool
Lair:4:   serial_bayou_shore_b, grunt_megastairs_4, infiniplex_staircase_pool_2,
          lemuel_fruit_tree
Lair:5:   slime_altar_1, uniq_rupert
Lair:6:   gammafunk_lair_ancient_temple, basic_altar, kennysheep_abandoned_house
Spider:2: spider_trap
Spider:4: spider_rune_water, hangedman_spider_tarantella_strand
Orc:1:    serial_shops, shop, uniq_urug
Orc:2:    st_orc_mages, uniq_maurice
Vaults:1: nicolae_vaults_lopsided_apartments, hangedman_vaults_maws,
          nicolae_vaults_little_ls, hangedman_vaults_stream,
          nicolae_vaults_windows_and_doors_thing, v_rooms_5,
          grunt_vaults_hallway_short, hangedman_vaults_stagger,
          ontoclasm_vaults_idyll, nicolae_vaults_rhombus_6, uniq_jorgrun

Skill      XL: |  1  2  3  4  5  6  7  8  9 10 11 12 13 14 15 16 |
---------------+-------------------------------------------------+-----
Necromancy     | 5 6 7 8 10 11 12 15 17 | 17.0
Armour         | 1 2 3 5 8 9 10 11 | 11.1
Spellcasting   | 3 6 8 10 12 | 12.0
Fighting       | 5 8 10 11 | 11.2
Polearms       | 5 7 8 |  8.2
Evocations     | 2 8 9 |  9.0
Dodging        | 3 8 10 | 10.0
Stealth        | |  1.7

Action                   |  1- 3 |  4- 6 |  7- 9 | 10-12 | 13-15 | 16-18 || total
-------------------------+-------+-------+-------+-------+-------+-------++-------
Melee: Unarmed           |     6 |       |       |       |       |       ||     6
       Kick              |     4 |    18 |    27 |       |       |       ||    49
       Spear             |    14 |    76 |   206 |   807 |  1696 |   203 ||  3002
       Staff             |       |       |       |     4 |     9 |     1 ||    14
       Trident           |       |       |       |       |    58 |   178 ||   236
Throw: Javelin           |       |     2 |     7 |     2 |     1 |       ||    12
 Cast: Pain              |    57 |    27 |    33 |    18 |    14 |     7 ||   156
       Animate Skeleton  |    17 |    10 |    22 |    59 |    50 |     3 ||   161
       Vampiric Draining |       |     6 |    11 |    71 |    95 |    35 ||   218
       Animate Dead      |       |       |     1 |    10 |   100 |    14 ||   125
       Agony             |       |       |       |    18 |    60 |    21 ||    99
       Corpse Rot        |       |       |       |     4 |     1 |       ||     5
       Regeneration      |       |       |       |     1 |    20 |     4 ||    25
       Death Channel     |       |       |       |       |    26 |     6 ||    32
       Control Undead    |       |       |       |       |     1 |       ||     1
       Cigotuvi's Embrac |       |       |       |       |     1 |       ||     1
       Dispel Undead     |       |       |       |       |       |     2 ||     2
 Abil: Evoke Invisibilit |       |       |       |       |     1 |       ||     1
Evoke: Wand              |       |       |     2 |       |     4 |       ||     6
       Box of beasts     |       |       |       |       |     1 |       ||     1
  Use: Scroll            |       |    13 |     6 |    13 |     8 |       ||    40
       Potion            |       |       |     1 |     7 |     2 |       ||    10
 Stab: Distracted        |     1 |     1 |     2 |     5 |    20 |     4 ||    33
       Sleeping          |       |     2 |       |       |       |       ||     2
       Invisible         |       |       |       |       |    10 |       ||    10
  Eat: Chunk             |     4 |     6 |    14 |    31 |    55 |     6 ||   116
       Royal jelly       |       |       |     1 |       |       |       ||     1
       Fruit             |       |       |       |     1 |     1 |       ||     2
       Pizza             |       |       |       |     2 |     4 |       ||     6
       Bread ration      |       |       |       |     1 |     1 |     1 ||     3
       Beef jerky        |       |       |       |       |     1 |     1 ||     2
       Meat ration       |       |       |       |       |     1 |       ||     1
Armor: Robe              |     3 |     1 |       |       |       |       ||     4
       Ring mail         |       |     9 |     4 |       |       |       ||    13
       Scale mail        |       |       |    79 |   370 |   777 |   112 ||  1338
Dodge: Dodged            |    25 |    42 |    91 |   496 |  1682 |   310 ||  2646

Table legend:
 A = Turns spent in this place as a percentage of turns spent in the entire game.
 B = Non-inter-level travel turns spent in this place as a percentage of non-inter-level travel turns spent in the entire game.
 C = Inter-level travel turns spent in this place as a percentage of turns spent in this place.
 D = Turns resting spent in this place as a percentage of non-inter-level travel turns spent in this place.
 E = Turns spent auto-exploring this place as a percentage of non-inter-level travel turns spent in this place.
 F = Non-inter-level travel turns spent in this place divided by the number of levels of this place that you've seen.
                   A       B       C       D       E      F
               +-------+-------+-------+-------+-------+----------------------
         Total | 100.0 | 100.0 |   0.5 |   2.0 |   4.5 | 470.6
       Dungeon |  42.4 |  42.4 |   0.5 |   2.9 |   5.7 | 385.5
        Temple |   0.3 |   0.3 |   2.7 |   0.0 |  47.2 |  36.0
          Lair |  19.4 |  19.3 |   0.9 |   2.2 |   5.2 | 438.7
   Spider Nest |  17.3 |  17.3 |   0.4 |   0.3 |   4.1 | 590.8
  Orcish Mines |  11.7 |  11.7 |   0.2 |   2.7 |   1.8 | 799.0
        Vaults |   9.0 |   9.1 |   0.0 |   0.3 |   0.4 | 1236.0
               +-------+-------+-------+-------+-------+----------------------

Vault maps used:
D:1:      sevenhm_arrival_forest_fort_large_2, minmay_statues_item,
          minmay_unequal
D:2:      fiery_altar_vehumet, nrook_mini_vaults
D:3:      elyvilon_altar_1, cheibriados_altar_1
D:4:      first_bread
D:5:      uniq_blork_the_orc
D:6:      lemuel_doored_altar, uniq_eustachio, uniq_edmund, uniq_sigmund
D:7:      marbit_many_paths, kennysheep_pointless_box, uniq_menkaure
D:8:      minmay_weird_star, nemelex_xobeh_ov_fountains_minmay, grunt_livestock,
          uniq_grum
D:9:      trog_ov_bears_minmay
D:10:     lair_entry_dummy
D:11:     david_orc_5
D:12:     serial_shops, shop
D:13:     grunt_vaults_entry_tiered, uniq_josephine, uniq_snorg
D:14:     serial_shops, shop, nicolae_two_hexagons
D:15:     gammafunk_enter_depths_forms, serial_shops, shop_statue,
          nicolae_twisting_strands, minmay_strange_pillars, uniq_roxanne
Temple:   regret_index_temple_sphere_string
Lair:1:   uniq_fannar, uniq_joseph
Lair:2:   beast_lair_carwin_2
Lair:3:   minmay_shoals_entry_lonely_mermaid, spider_nest_entry_a,
          infiniplex_staircase_pool
Lair:4:   serial_bayou_shore_b, grunt_megastairs_4, infiniplex_staircase_pool_2,
          lemuel_fruit_tree
Lair:5:   slime_altar_1, uniq_rupert
Lair:6:   gammafunk_lair_ancient_temple, basic_altar, kennysheep_abandoned_house
Spider:2: spider_trap
Spider:4: spider_rune_water, hangedman_spider_tarantella_strand
Orc:1:    serial_shops, shop, uniq_urug
Orc:2:    st_orc_mages, uniq_maurice
Vaults:1: nicolae_vaults_lopsided_apartments, hangedman_vaults_maws,
          nicolae_vaults_little_ls, hangedman_vaults_stream,
          nicolae_vaults_windows_and_doors_thing, v_rooms_5,
          grunt_vaults_hallway_short, hangedman_vaults_stagger,
          ontoclasm_vaults_idyll, nicolae_vaults_rhombus_6, uniq_jorgrun
